 Dungeon Crawl Stone Soup version 0.20-a0-303-g575bbf7 (webtiles) character file.

2247 gamerape the Fighter (level 9, -8/102 HPs)
             Began as an Ogre Chaos Knight on Dec 16, 2016.
             Mangled by a spriggan baker
             ... wielding a +0 dagger
              (13 damage)
             ... on level 7 of the Dungeon.
             The game lasted 00:32:12 (8246 turns).

gamerape the Fighter (Ogre Chaos Knight)            Turns: 8246, Time: 00:32:12

Health: -8/102     AC:  6    Str: 22    XL:     9   Next: 37%
Magic:  9/9        EV: 11    Int: 15    God:    Xom [...*..]
Gold:   693        SH:  0    Dex: 12    Spells: 8/8 levels left

rFire  . . .     SeeInvis .     a - +2 quarterstaff (chaos)
rCold  + . .     Gourm    .     g - +2 robe
rNeg   . . .     Faith    +     (shield currently unavailable)
rPois  +         Spirit   .     (helmet restricted)
rElec  .         Reflect  .     M - +0 cloak {rPois}
rCorr  .         Harm     .     (gloves unavailable)
MR     +....     Clarity  +     (boots unavailable)
Stlth  +.........               k - amulet of faith
                                y - ring of protection from cold
                                o - +3 ring of dexterity

@: very slightly contaminated, drained
A: unfitting armour, antennae 1, talons 1, clarity, clever 1, magic resistance
1, sense surroundings 1, strong 1, tough skin 1
a: Renounce Religion


You were on level 7 of the Dungeon.
You worshipped Xom.
You were a favourite toy of Xom.
You were hungry.

You visited 1 branch of the dungeon, and saw 7 of its levels.
You also visited: Sewer.

You collected 983 gold pieces.
You spent 290 gold pieces at shops.

Inventory:

Hand Weapons
 a - a +2 quarterstaff of chaos (weapon)
 b - a +0 blowgun
 G - a +2 glaive of chaos
 L - a +0 mace of chaos
Missiles
 d - 19 poisoned needles
 h - 216 stones (quivered)
 K - 4 needles of frenzy
 N - 7 tomahawks of dispersal
Armour
 g - a +2 robe (worn)
 m - a +0 cloak
 z - the +0 robe "Nuleocvopoc" {rPois rN++ rCorr Str-4}
   (You found it on level 4 of the Dungeon)

   It affects your strength (-4).
   It protects you from poison.
   It greatly protects you from negative energy.
   It protects you from acid and corrosion.
 M - a +0 cloak of poison resistance (worn)
Jewellery
 k - an amulet of faith (around neck)
 o - a +3 ring of dexterity (left hand)
 w - an uncursed ring of see invisible
 y - a ring of protection from cold (right hand)
 F - an uncursed ring of poison resistance
 H - an uncursed ring of stealth
Wands
 I - a wand of flame (35/48)
Scrolls
 e - 2 scrolls of identify
 f - a scroll of random uselessness
 j - 6 scrolls of teleportation
 p - 2 scrolls of enchant weapon
 q - 2 scrolls of recharging {unknown}
 r - a scroll of immolation {unknown}
 s - 2 scrolls of magic mapping {unknown}
 u - 3 scrolls of enchant armour
 A - 2 scrolls of fog
 E - a scroll of noise {unknown}
Potions
 i - a potion of cure mutation
 l - 4 potions of flight
 n - a potion of haste {unknown}
 v - a potion of brilliance {unknown}
 B - a potion of might {unknown}
 J - a potion of mutation {unknown}
Comestibles
 c - 11 bread rations
 t - 8 fruits
 x - 5 meat rations
 P - a royal jelly


   Skills:
 * Level 10.4(9.7) Fighting
 - Level 5.9(5.5) Maces & Flails
 + Level 2.6(4.3) Staves
 + Level 4.7(4.1) Throwing
 + Level 5.0(4.4) Dodging


You had 8 spell levels left.
You didn't know any spells.

Dungeon Overview and Level Annotations

Branches:
Dungeon (7/15)             Temple (0/1) D:5

Altars:
Okawaru
Qazlal
Ru
Uskayaw
Xom

Shops:
D:5 ?


Innate Abilities, Weirdness & Mutations

You are too large for most types of armour.
You have tough skin. (AC +1)
You have a pair of small antennae on your head.
You have sharp toenails.
You possess an exceptional clarity of mind.
Your mind is acute. (Int +2)
You are resistant to hostile enchantments. (MR+)
You passively map a small area around you.
Your muscles are strong. (Str +2)


Message History

The spriggan baker hits you with a dagger.
The spriggan baker barely misses you.
You miss the spriggan baker.
The spriggan baker is severely wounded.
The spriggan baker hits you with a dagger!
* * * LOW HITPOINT WARNING * * *
You hit the spriggan baker. Your kick misses the spriggan baker.
The spriggan baker is severely wounded.
The spriggan baker hits you but does no damage.
The spriggan baker hits you with a dagger!
* * * LOW HITPOINT WARNING * * *
Blink to where?
Press: ? - help, Dir - move target cursor You are very lightly contaminated with residual magic.
As you read the scroll of blinking, it crumbles to dust.
You hear a shout!
As you read the scroll of summoning, it crumbles to dust.
Wisps of shadow whirl around you...
The spriggan baker hits you with a dagger!
You die...

,, #.#.# ###*
**,####.#.###%% , ,
#........#.##
,..,#........#..# *
#.##.#........#'# .# ,
#.##.'..........# .##*
#.# ##..........#
..##,, ,,#.#
####'####### ... ,,
,#.# #o@i.# ..# , #.#
#O#### ..# , ,#.# #o#
..########.####o#
.).............o# ###
.#......##.###########
#<#
.#.......#.../.......#
#.#
.#.#.....#.#########.#
#.# .#..>....#.# #.#
#.#


You could see a spriggan baker (berserk), a friendly orc warrior, a friendly
ogre, a friendly orc wizard and 2 friendly orcs.

Vanquished Creatures
  A hippogriff (shapeshifter) (D:4)
  Eustachio (D:5)
  An ice beast (D:5)
  A sky beast (D:6)
  An ogre (D:7)
  A phantom (D:6)
  2 centaurs (D:6)
  3 bullfrogs
  A water moccasin skeleton (D:7)
  5 wights (D:7)
  2 howler monkeys
  2 crimson imps
  A centaur zombie (D:6)
  A bullfrog zombie (D:5)
  A gnoll shaman (D:5)
  4 hounds
  Crazy Yiuf (D:6)
  A centaur skeleton (D:6)
  A merfolk siren (Sewer)
  2 worker ants (D:6)
  2 hound skeletons
  7 adders
  9 gnolls
  A shadow imp (D:3)
  An adder zombie (D:5)
  4 worms
  A dart slug (D:1)
  6 leopard geckos
  16 orcs
  6 bats
  15 giant cockroaches
  3 goblins
  7 hobgoblins
  10 jackals
  14 kobolds
  4 quokkas
  5 ball pythons
  8 frilled lizards
  A jackal skeleton (D:4)
  A leopard gecko zombie (D:7)
  A quokka skeleton (D:4)
  35 rats
190 creatures vanquished.

Vanquished Creatures (collateral kills)
  Duvessa (D:5)
  Dowan (D:5)
  An adder (Sewer)
3 creatures vanquished.

Vanquished Creatures (others)
  A gnoll sergeant (D:6)
  2 gnolls (D:6)
  A rat (D:1)
4 creatures vanquished.

Grand Total: 197 creatures vanquished

Notes
Turn   | Place    | Note
-------+----------+-------------------------------------------
     0 | D:1      | gamerape the Ogre Chaos Knight began the quest for the Orb.
     0 | D:1      | Reached XP level 1. HP: 24/24 MP: 1/1
    33 | D:1      | XOM: divination: detect creatures
    66 | D:1      | Reached XP level 2. HP: 33/33 MP: 2/2
   337 | D:1      | XOM: confuse monster(s)
   344 | D:1      | Reached XP level 3. HP: 40/40 MP: 3/3
   386 | D:1      | XOM: scenery: create altars
   801 | D:1      | XOM: smoke on damage
   852 | D:1      | XOM: god gift: 510 gold pieces
   890 | D:1      | XOM: 5-stop teleportation journey
   971 | D:2      | Reached skill level 5 in Fighting
  1058 | D:2      | Reached XP level 4. HP: 45/50 MP: 4/4
  1131 | D:2      | XOM: give mutations
  1131 | D:2      | Gained mutation: Your mind is acute. (Int +2) [Xom's grace]
  1131 | D:2      | Gained mutation: Your muscles are strong. (Str +2) [Xom's grace]
  1203 | D:2      | Found a sacrificial altar of Ru.
  1444 | D:2      | Found a hide-covered altar of Uskayaw.
  1445 | D:2      | Found an iron altar of Okawaru.
  1445 | D:2      | Found a stormy altar of Qazlal.
  1454 | D:2      | Found a shimmering altar of Xom.
  1461 | D:2      | XOM: 3-stop teleportation journey
  1669 | D:2      | XOM: cloud trail
  1728 | D:2      | XOM: scenery: create altars
  1931 | D:3      | XOM: god gift: 42 gold pieces
  1990 | D:3      | Found a glowing drain.
  2208 | Sewer    | Entered a sewer
  2318 | Sewer    | XOM: god gift: scroll labeled ROOF YTU GAF {god gift}
  2335 | Sewer    | XOM: cast spell 'Olgreb's Toxic Radiance'
  2342 | Sewer    | Reached XP level 5. HP: 58/58 MP: 5/5
  2371 | Sewer    | XOM: divination: detect items
  2474 | Sewer    | Noticed a malarious merfolk avatar
  2498 | Sewer    | XOM: enchant monster (good)
  2503 | Sewer    | a malarious merfolk avatar changed into an adder
  2503 | Sewer    | XOM: polymorph malarious merfolk avatar -> adder
  2537 | Sewer    | XOM: enchant monster (good)
  2546 | Sewer    | Reached skill level 1 in Throwing
  2575 | Sewer    | XOM: confuse monster(s)
  2588 | Sewer    | XOM: stat loss: -1 Str (18/19)
  2719 | D:3      | XOM: harmless Ice miscast
  2733 | D:3      | XOM: 10-stop teleportation journey
  2800 | D:3      | XOM: medium Conj miscast
  3345 | D:3      | XOM: torment (31/59 hp)
  3887 | D:4      | XOM: smoke on damage
  3916 | D:4      | Reached XP level 6. HP: 66/67 MP: 6/6
  3922 | D:4      | XOM: medium Pois miscast
  3925 | D:4      | Reached skill level 6 in Fighting
  4004 | D:4      | XOM: harmless Tmut miscast
  4297 | D:4      | Got a distressingly furry robe
  4439 | D:4      | Identified the cursed +0 robe "Nuleocvopoc" {rPois rN++ rCorr Str-4} (You found it on level 4 of the Dungeon)
  4471 | D:5      | Entered Level 5 of the Dungeon
  4476 | D:5      | Noticed an ice beast
  4476 | D:5      | a scorpion changed into an ice beast
  4476 | D:5      | XOM: polymorph scorpion -> ice beast
  4479 | D:4      | Noticed a black bear
  4479 | D:4      | an ice beast changed into a black bear
  4480 | D:4      | XOM: polymorph leopard gecko -> gnoll
  4485 | D:4      | XOM: blink monster(s)
  4493 | D:4      | XOM: harmless Tloc miscast
  4493 | D:4      | Noticed an eye of draining
  4493 | D:4      | a black bear changed into an eye of draining
  4497 | D:4      | Noticed a yaktaur
  4497 | D:4      | an eye of draining changed into a yaktaur
  4499 | D:4      | XOM: confuse monster(s)
  4507 | D:4      | Gained mutation: You possess an exceptional clarity of mind. [potion of beneficial mutation]
  4507 | D:4      | HP: 2/67 [yaktaur (shapeshifter) (4)]
  4512 | D:4      | a yaktaur changed into something unseen
  4516 | D:4      | Noticed a hippogriff
  4657 | D:5      | XOM: cloud trail
  4785 | D:5      | Noticed an ice beast
  4793 | D:5      | XOM: harmless Hex miscast
  4798 | D:5      | Killed an ice beast
  4875 | D:5      | XOM: noise
  4941 | D:5      | Found a staircase to the Ecumenical Temple.
  4986 | D:5      | XOM: enchant monster (good)
  4994 | D:5      | Reached skill level 7 in Fighting
  4994 | D:5      | Reached XP level 7. HP: 67/78 MP: 7/7
  5114 | D:5      | Noticed Eustachio
  5141 | D:4      | Killed a hippogriff
  5141 | D:4      | Reached skill level 5 in Maces & Flails
  5333 | D:5      | XOM: repel stairs
  5333 | D:5      | Killed Eustachio
  5496 | D:5      | Reached skill level 8 in Fighting
  5496 | D:5      | Reached XP level 8. HP: 69/88 MP: 8/8
  5604 | D:5      | Found Runlaedd's Magic Scroll Shoppe.
  5607 | D:5      | XOM: harmless Ice miscast
  5610 | D:5      | Bought a scroll of fog for 22 gold pieces
  5610 | D:5      | Bought a scroll of summoning for 104 gold pieces
  5610 | D:5      | Bought a scroll of blinking for 82 gold pieces
  5610 | D:5      | Bought a scroll of enchant armour for 82 gold pieces
  5768 | D:5      | Noticed Duvessa
  5768 | D:5      | Noticed Dowan
  5770 | D:5      | XOM: chaos cloud
  5777 | D:5      | Killed Duvessa
  5780 | D:5      | Killed Dowan
  5802 | D:5      | XOM: 9-stop teleportation journey
  5885 | D:5      | XOM: cast spell 'Spider Form'
  6155 | D:5      | XOM: god gift: glowing glaive {god gift}
  6159 | D:5      | Gained mutation: You are resistant to hostile enchantments. (MR+) [potion of beneficial mutation]
  6579 | D:6      | XOM: mild Hex miscast
  6596 | D:6      | XOM: cast spell 'Summon Small Mammal'
  6667 | D:6      | Found a runed door.
  6671 | D:6      | Noticed Crazy Yiuf
  6676 | D:6      | Killed Crazy Yiuf
  6831 | D:6      | XOM: cast spell 'Hydra Form'
  6874 | D:6      | Reached skill level 9 in Fighting
  6930 | D:6      | Reached skill level 1 in Staves
  6990 | D:6      | XOM: mild Ice miscast
  6993 | D:6      | XOM: divine lightning (protected)
  7191 | D:6      | XOM: harmless Fire miscast
  7226 | D:6      | Reached XP level 9. HP: 60/101 MP: 9/9
  7247 | D:6      | XOM: give mutations
  7247 | D:6      | Gained mutation: You are robust. (+10% HP) [Xom's grace]
  7247 | D:6      | Gained mutation: You have a pair of small antennae on your head. [Xom's grace]
  7247 | D:6      | Gained mutation: You passively map a small area around you. [Xom's grace]
  7247 | D:6      | Gained mutation: You have sharp toenails. [Xom's grace]
  7379 | D:6      | XOM: divination: detect items
  7643 | D:6      | XOM: summons 2 hostile shadow creatures
  7656 | D:6      | XOM: 1-stop teleportation journey
  7820 | D:6      | Reached skill level 10 in Fighting
  7922 | D:7      | XOM: fog
  7926 | D:7      | Reached skill level 5 in Dodging
  7929 | D:7      | XOM: smoke on damage
  8114 | D:7      | XOM: give mutation
  8114 | D:7      | Lost mutation: You are robust. (+10% HP) [Xom's mischief]
  8242 | D:7      | HP: 4/102 [spriggan baker/dagger (14)]
  8246 | D:7      | Mangled by a spriggan baker

Vault maps used:
D:1:      zelgadis_glass_arrival_small
D:2:      minmay_roachtagon, chequers_temple_overflow_statue_of_worship,
          first_bread, minmay_misc_feat_iff, nicolae_ru_the_path_less_chosen
D:3:      corexii_shack_village, portal_sewer_entry_e, serial_co_window_serial,
          co_window_corner_a, co_window_corner_a, co_window_cross_1,
          co_window_corner_a, co_window_of_opportunity_a, co_window_paths_b,
          co_window_corner_b, co_window_cross_3, co_window_unsneaky_path_e
D:5:      serial_shops, shop, minivault_25, minmay_tree_intersection,
          uniq_eustachio, uniq_duvessa
D:6:      uniq_crazy_yiuf_cottage
D:7:      the_bakery
Sewer:    sewer_sea

Skill      XL: |  1  2  3  4  5  6  7  8  9 |
---------------+----------------------------+-----
Maces & Flails | 3 4 5 |  5.9
Fighting       | 5 7 8 9 10 | 10.4
Throwing       | 1 2 4 |  4.7
Dodging        | 3 4 5 |  5.0
Staves         | 1 2 |  2.6

Action                   |  1- 3 |  4- 6 |  7- 9 || total
-------------------------+-------+-------+-------++-------
Melee: Mace              |   135 |   289 |    89 ||   513
       Quarterstaff      |       |       |   128 ||   128
       Unarmed           |       |       |    17 ||    17
       Kick              |       |       |    23 ||    23
 Fire: Blowgun           |       |     1 |     5 ||     6
Throw: Stone             |     2 |     5 |       ||     7
  Use: Scroll            |       |     9 |     3 ||    12
       Potion            |       |     4 |     1 ||     5
 Stab: Confused          |     1 |     1 |     1 ||     3
       Sleeping          |       |     1 |       ||     1
       Paralysed         |       |       |     5 ||     5
       Distracted        |       |       |     1 ||     1
       Invisible         |       |       |     1 ||     1
       Petrified         |       |       |     1 ||     1
  Eat: Chunk             |     1 |    11 |    10 ||    22
       Pizza             |       |     1 |       ||     1
Armor: Robe              |    73 |   108 |    72 ||   253
       Skin              |       |     6 |       ||     6
Dodge: Dodged            |    63 |   139 |   169 ||   371
